 Dungeon Crawl Stone Soup version 0.26-a0-259-g1effd001a9 (webtiles) character file.

Game seed: 13725920322312653166

1972882 vurker the Cardsharp (level 27, 238/240 HPs)
             Began as a Demonspawn Brigand on July 17, 2020.
             Was a High Priest of Nemelex Xobeh.
             Escaped with the Orb
             ... and 4 runes!
             The game lasted 02:41:23 (98612 turns).

vurker the Cardsharp (Demonspawn Brigand)          Turns: 98612, Time: 02:41:23

Health: 238/240    AC: 50    Str: 26    XL:     27
Magic:  44/44      EV: 12    Int: 16    God:    Nemelex Xobeh [*****.]
Gold:   4702       SH: 38    Dex: 16    Spells: 26/26 levels left

rFire    + + .     SeeInvis .   a - +8 demon trident (elec)
rCold    + + +     Faith    .   y - +18 shield of the Gong {rElec rN+ MR+ EV-5}
rNeg     + . .     Spirit   +   p - +12 gold dragon scales
rPois    +         Reflect  +   (helmet unavailable)
rElec    +         Harm     .   F - +1 cloak of Starlight {rElec rC+ EV+4 Stlth--}
rCorr    +         NoCast   +   W - +2 pair of gloves
MR       +++..                  U - +2 pair of boots of Dramatic Exits {-Cast +Inv rC+ Stlth+}
Stlth    ..........             V - amulet of reflection
HPRegen  0.50/turn              z - ring of Dira {rF+ rCorr}
MPRegen  0.58/turn              X - +6 ring of strength

@: no status effects
A: horns 3, iridescent scales 3, cold resistance 2, high mp 1, nightstalker 3,
poison resistance, screaming 1, evolution 1, augmentation 3, magic shield, magic
regeneration, magic link, subdued magic 3
0: Orb of Zot
}: 4/15 runes: serpentine, barnacled, silver, abyssal
a: Draw Escape, Draw Destruction, Draw Summoning, Triple Draw, Deal Four, Stack
Five, Renounce Religion, Evoke Invisibility


You escaped.
You worshipped Nemelex Xobeh.
Nemelex Xobeh was extremely pleased with you.
You were very full.

You visited 10 branches of the dungeon, and saw 50 of its levels.
You visited the Abyss 1 time.
You also visited: Sewer, Bailey and Ice Cave.

You collected 10471 gold pieces.
You spent 5769 gold pieces at shops.

Inventory:

Hand Weapons
 a - a +8 demon trident of electrocution (weapon)
   (You took it off Donald on level 1 of the Shoals)
 Z - a +4 broad axe of venom
   (You found it on level 3 of the Elven Halls)
Missiles
 f - 24 curare-tipped darts
 n - 96 silver javelins
 I - 7 throwing nets (quivered)
 T - 139 poisoned darts
Armour
 p - +12 gold dragon scales (worn)
   (You found it on level 5 of the Vaults)
 y - the +18 shield of the Gong (worn) {rElec rN+ MR+ EV-5}
   (You found it in an ice cave)

   It affects your evasion (-5).
   It insulates you from electricity.
   It protects you from negative energy.
   It affects your resistance to hostile enchantments.
 F - the +1 cloak of Starlight (worn) {rElec rC+ EV+4 Stlth--}
   (You bought it in a shop on level 2 of the Orcish Mines)

   It affects your evasion (+4).
   It protects you from cold.
   It insulates you from electricity.
   It makes you much less stealthy.
 U - the +2 pair of boots of Dramatic Exits (worn) {-Cast +Inv rC+ Stlth+}
   (You bought it in a shop on level 2 of the Orcish Mines)

   It protects you from cold.
   It lets you turn invisible.
   It prevents spellcasting.
   It makes you more stealthy.
 W - a +2 pair of gloves (worn)
   (You found it on level 14 of the Dungeon)
Jewellery
 b - the ring "Zabrimom" {MR+++ Str-3 Dex-3 Slay+4 SInv}
   (You bought it in a shop on level 5 of the Depths)

   [ring of see invisible]

   It affects your strength (-3).
   It affects your dexterity (-3).
   It affects your accuracy and damage with ranged weapons and melee attacks
   (+4).
   It affects your resistance to hostile enchantments.
   It lets you see invisible.
 j - an uncursed ring of magical power
   (You found it on level 1 of the Dungeon)
 z - the ring of Dira (left hand) {rF+ rCorr}
   (You bought it in a shop on level 1 of the Snake Pit)

   [ring of resist corrosion]

   It protects you from fire.
   It provides partial protection from all sources of acid and corrosion.
 M - an uncursed ring of positive energy
   (You found it on level 2 of the Lair of Beasts)
 V - an amulet of reflection (around neck)
   (You took it off a rakshasa on level 2 of the Depths)
 X - a +6 ring of strength (right hand)
   (You found it on level 3 of the Elven Halls)
Wands
 c - a wand of disintegration (22)
   (You found it on level 4 of the Lair of Beasts)
 d - a wand of iceblast (36)
   (You took it off a naga on level 4 of the Snake Pit)
 t - a wand of flame (80)
   (You found it on level 4 of the Dungeon)
 u - a wand of paralysis (25)
   (You found it on level 9 of the Dungeon)
 v - a wand of digging (14)
   (You found it on level 2 of the Elven Halls)
 x - a wand of acid (15)
   (You found it on level 11 of the Dungeon)
 C - a wand of clouds (8)
   (You found it on level 8 of the Dungeon)
Scrolls
 g - 2 scrolls of enchant armour
 k - 11 scrolls of fog
 m - 14 scrolls of teleportation
 o - 35 scrolls of remove curse
 q - 11 scrolls of fear
 w - 2 scrolls of silence
 G - 4 scrolls of vulnerability
 H - 6 scrolls of blinking
 L - 3 scrolls of amnesia
 O - 2 scrolls of summoning
 P - 4 scrolls of magic mapping
 R - 44 scrolls of identify
 S - 5 scrolls of immolation
Potions
 h - 16 potions of lignification
 i - 7 potions of invisibility
 l - 6 potions of curing
 r - a potion of mutation
 s - 10 potions of magic
 A - 7 potions of heal wounds
 B - 2 potions of resistance
 D - 7 potions of might
 E - 4 potions of haste
 J - 14 potions of flight
 K - 2 potions of ambrosia
 Q - 3 potions of cancellation
Comestibles
 e - 98 rations


   Skills:
 * Level 24.9 Fighting
   Level 1.7(5.1) Short Blades
   Level 7.6(7.7) Long Blades
 - Level 14.5(15.7) Axes
 - Level 10.8(14.0) Polearms
 + Level 15.5 Throwing
 + Level 18.5 Armour
 + Level 12.3 Dodging
 - Level 3.6 Stealth
 - Level 15.0 Shields
 O Level 27 Invocations
 - Level 5.0 Evocations


You had 26 spell levels left.
You didn't know any spells.
Your spell library contained the following spells:

 Spells                   Type           Power        Failure   Level
 Animate Skeleton         Necr           #.....       97%         1
 Beastly Appendage        Tmut           #.....       97%         1
 Corona                   Hex            #......      97%         1
 Magic Dart               Conj           #...         97%         1
 Pain                     Necr           #...         97%         1
 Shock                    Conj/Air       #...         97%         1
 Sting                    Tmut/Pois      #...         97%         1
 Summon Butterflies       Summ           #.......     97%         1
 Summon Small Mammal      Summ           #...         97%         1
 Blink                    Tloc           N/A          99%         2
 Call Imp                 Summ           #.......     99%         2
 Corpse Rot               Necr/Air       N/A          99%         2
 Ensorcelled Hibernation  Hex/Ice        #.....       99%         2
 Poisonous Vapours        Pois/Air       #.....       99%         2
 Searing Ray              Conj           #.....       99%         2
 Shroud of Golubria       Chrm/Tloc      #.....       99%         2
 Slow                     Hex            #.......     99%         2
 Sticks to Snakes         Tmut           #.......     99%         2
 Sublimation of Blood     Necr           #.........   99%         2
 Swiftness                Chrm/Air       #.......     99%         2
 Call Canine Familiar     Summ           #.......     100%        3
 Confusing Touch          Hex            #.......     100%        3
 Conjure Flame            Conj/Fire      #.......     100%        3
 Dazzling Flash           Conj/Hex       #.....       100%        3
 Gell's Gravitas          Tloc           #.........   100%        3
 Ignite Poison            Fire/Tmut/Pois #.......     100%        3
 Inner Flame              Hex/Fire       #.......     100%        3
 Lesser Beckoning         Tloc           #.........   100%        3
 Mephitic Cloud           Conj/Pois/Air  #.......     100%        3
 Portal Projectile        Hex/Tloc       #.....       100%        3
 Recall                   Summ/Tloc      N/A          100%        3
 Spider Form              Tmut/Pois      #.........   100%        3
 Static Discharge         Conj/Air       #.......     100%        3
 Stone Arrow              Conj/Erth      #.....       100%        3
 Summon Guardian Golem    Hex/Summ       #.......     100%        3
 Teleport Other           Tloc           #.......     100%        3
 Tukima's Dance           Hex            #.......     100%        3
 Vampiric Draining        Necr           #.........   100%        3
 Airstrike                Air            #.........   100%        4
 Animate Dead             Necr           #.........   100%        4
 Cause Fear               Hex            #.........   100%        4
 Fulminant Prism          Conj/Hex       #.........   100%        4
 Ice Form                 Ice/Tmut       #.......     100%        4
 Iskenderun's Mystic Bla  Conj/Tloc      #.......     100%        4
 Leda's Liquefaction      Hex/Erth       #.........   100%        4
 Petrify                  Tmut/Erth      #.......     100%        4
 Summon Ice Beast         Ice/Summ       #.......     100%        4
 Summon Lightning Spire   Summ/Air       #.......     100%        4
 Agony                    Necr           #.......     100%        5
 Alistair's Intoxication  Tmut/Pois      #.......     100%        5
 Blade Hands              Tmut           #.........   100%        5
 Bolt of Magma            Conj/Fire/Erth #.........   100%        5
 Borgnjor's Vile Clutch   Necr/Erth      #.........   100%        5
 Fireball                 Conj/Fire      #.........   100%        5
 Irradiate                Conj/Tmut      #.........   100%        5
 Iskenderun's Battlesphe  Conj/Chrm      #.......     100%        5
 Lightning Bolt           Conj/Air       #.........   100%        5
 Metabolic Englaciation   Hex/Ice        #.........   100%        5
 Summon Demon             Summ           #.........   100%        5
 Summon Forest            Summ/Tloc      #.........   100%        5
 Summon Mana Viper        Hex/Summ       #.......     100%        5
 Yara's Violent Unravell  Hex/Tmut       #.........   100%        5
 Dispersal                Tloc           #.........   100%        6
 Eringya's Noxious Bog    Tmut/Pois      #.........   100%        6
 Freezing Cloud           Conj/Ice/Air   #.........   100%        6
 Hydra Form               Tmut           #.........   100%        6
 Iron Shot                Conj/Erth      #.........   100%        6
 Ozocubu's Refrigeration  Ice            #.........   100%        6
 Simulacrum               Ice/Necr       #.........   100%        6
 Starburst                Conj/Fire      #.........   100%        6
 Orb of Destruction       Conj           #.........   100%        7
 Ring of Flames           Chrm/Fire      #.........   100%        7
 Spellforged Servitor     Conj/Summ      #.........   100%        7
 Summon Hydra             Summ           #.........   100%        7
 Ignition                 Fire           #.........   100%        8
 Passage of Golubria      Tloc           Unusable     N/A         4

Dungeon Overview and Level Annotations

Branches:
Dungeon (15/15)            Temple (1/1) D:5            Lair (6/6) D:8
 Shoals (4/4) Lair:3        Snake (4/4) Lair:4        Slime (0/5) Lair:6
    Orc (2/2) D:9             Elf (3/3) Orc:2        Vaults (5/5) D:14
  Crypt (0/3) Vaults:2     Depths (5/5) D:15            Zot (5/5) Depths:5
  Sewer (visited)          Bailey (visited)           IceCv (visited)

Altars:
Ashenzari
Cheibriados
Dithmenos
Elyvilon
Fedhas
Gozag
Hepliaklqana
Kikubaaqudgha
Makhleb
Nemelex Xobeh
Okawaru
Qazlal
Ru
Sif Muna
Trog
Uskayaw
Vehumet
Wu Jian
Xom
Yredelemnul
Zin
The Shining One
Beogh
Jiyva

Shops:
D:15 *   Orc:2 ![[!   Elf:1 %   Shoals:1 :   Snake:1 (=}=}   Vaults:1 %
Vaults:3 [   Vaults:4 [   Depths:1 ?   Depths:3 ?:   Depths:5 }=*%:

Portals:
Hell: Depths:1 Depths:2 Depths:3 Depths:4 Depths:5
Abyss: Depths:2 Depths:4 Depths:5
Pandemonium: Depths:2 Depths:3
Ziggurat: Depths:1
Trove: D:11 (give +3 gold dragon scales)

Annotations:
D:6 exclusion: door
Lair:4 exclusion: 4 oklob plants
Elf:1 Roxanne


Innate Abilities, Weirdness & Mutations

You have a pair of large horns on your head.
You are completely covered in iridescent scales. (AC +6)
You are completely attuned to the shadows.
Your magical and physical power is greatly enhanced at high health.
When hurt, damage is shared between your health and your magic reserves.
You regenerate magic rapidly.
When low on magic, you restore magic in place of health.
Your flesh is very cold resistant. (rC++)
You have an increased reservoir of magic. (+10% MP)
Your system is resistant to poisons. (rPois)
You occasionally shout uncontrollably at your foes.
You evolve.
Your spells are much easier to cast, but much less powerful.


Message History

(P) Snake Pit (M) Slime Pits (O) Orcish Mines (E) Elven Halls (V) Vaults (C) Crypt (U) Depths (H) Hell (Z) Zot
Where to? (Enter - D:1 @ (x,y), ? - help)
There is a stone staircase leading up here.
You climb upwards.
There is a stone staircase leading down here.
A red devil comes into view. It is wielding a +0 trident.
Unknown command.
Attack whom?
Aim: a red devil, wielding a +0 trident You reach to attack!
You closely miss the red devil.
Attack whom?
Aim: a red devil, wielding a +0 trident You reach to attack!
You skewer the red devil like a kebab!!!
Lightning courses through the red devil!
You kill the red devil!
No target in view!
No target in view!
(D) Dungeon (T) Temple (L) Lair (A) Shoals (P) Snake Pit (M) Slime Pits (O) Orcish Mines (E) Elven Halls (V) Vaults (C) Crypt (U) Depths (H) Hell (Z) Zot
Where to? (Enter - D:1 @ (x,y), ? - help)
There is a stone staircase leading up here.
You climb upwards.
There is a stone staircase leading down here.
A glowing orange brain comes into view.
Attack whom?
Aim: a glowing orange brain You reach to attack!
You impale the glowing orange brain!!
Lightning courses through the glowing orange brain!
Attack whom?
Aim: a glowing orange brain (almost dead)
You reach to attack!
You completely miss the glowing orange brain.
You perforate the glowing orange brain like a sieve!!!
You kill the glowing orange brain!
No target in view!
Okay, then.
You see here 22 stones.
You shout at the hellwing! 2 hellwings and 2 smoke demons come into view.
The smoke demon moves out of view.
The hellwing moves out of view.
The smoke demon gestures at you. Something smites you!
There is an open door here.
There is a staircase leading out of the dungeon here.
You have escaped!

####### ##
#@.≈♣P♣♣≈#
#...4.≈P♣###
#≈P♣.....+.#
#P♣♣P♣.P≈#.#
######'###.#
#.##..#
#.4..##
####.# #
#.########


You could see a hellwing.

Vanquished Creatures
  6 orbs of fire
  3 ancient liches
  2 juggernauts
  Sojobo (Vaults:2)
  Boris (Vaults:3)
  2 Killer Klowns (Zot:3)
  Bai Suzhen (Vaults:3)
  Margery (Vaults:3)
  Xtahua (Vaults:4)
  2 curse toes
  Jory (Depths:4)
  7 golden dragons
  Nikola (Vaults:3)
  4 electric golems
  3 liches
  A hellephant (Zot:2)
  25 Orb Guardians
  23 tentacled monstrosities
  A Hell Sentinel (Abyss:4)
  5 titans
  3 deep elf blademasters
  2 quicksilver dragons
  A deep elf master archer (Elf:3)
  6 tentacled starspawn
  6 sphinxes
  6 death cobs
  Polyphemus (Shoals:3)
  11 shadow dragons
  16 storm dragons
  Kirke (Snake:3)
  Donald (Shoals:1)
  7 nagarajas
  13 tengu reavers
  4 draconian monks
  8 fire giants
  Ilsuiw (Shoals:3)
  The ghost of tilp the Unseen, an adept SpEn of Dithmenos (Snake:2)
  7 frost giants
  7 draconian knights
  2 cacodemons (Abyss:4)
  10 deep elf sorcerers
  4 ghost moths
  12 vault wardens
  2 orc warlords
  8 draconian scorchers
  Aizul (Vaults:2)
  Louise (Shoals:4)
  5 draconian shifters
  A juggernaut zombie (Depths:4)
  3 deep elf elementalists
  An angel (Depths:5)
  2 draconian stormcallers
  A juggernaut skeleton (Depths:4)
  2 spriggan defenders
  5 draconian annihilators
  2 ophanim (Abyss:4)
  12 ironheart preservers
  3 vampire knights
  8 black draconians
  A war gargoyle (Vaults:2)
  An entropy weaver (Vaults:3)
  33 stone giants
  14 green draconians
  10 red draconians
  Nessos (D:15)
  5 deep elf demonologists
  21 very ugly things
  6 yellow draconians
  Azrael (D:14)
  A lorocyproca (Abyss:4)
  7 deep elf annihilators (Elf:3)
  13 white draconians
  16 purple draconians
  10 spark wasps
  6 deep elf death magi
  13 ettins
  A green death (Abyss:4)
  9 merfolk javelineers
  19 yaktaur captains
  8 fire dragons
  10 merfolk impalers
  9 deep elf high priests
  Harold (D:8)
  11 great orbs of eyes
  9 rakshasas
  17 ice dragons
  10 hydras
  7 catoblepae
  2 alligator snapping turtles (Shoals:2)
  A catoblepas (shapeshifter) (Vaults:4)
  15 naga warriors
  3 spriggan air magi
  35 vault guards
  13 centaur warriors
  A death knight (Vaults:4)
  4 satyrs
  48 two-headed ogres
  5 merfolk avatars
  24 dancing weapons
  9 deep troll shamans
  14 anacondas
  15 ogre magi
  6 deep troll earth magi
  8 death yaks
  5 merfolk aquamancers
  7 tengu warriors
  7 vampire magi
  7 naga sharpshooters
  4 orc high priests (Orc:2)
  11 hell knights
  3 spriggan berserkers (Depths:3)
  10 thrashing horrors (Abyss:4)
  3 shock serpents
  A titan skeleton (Vaults:5)
  A soul eater (Abyss:4)
  Nergalle (Lair:2)
  18 deep elf knights
  3 fire crabs
  4 wretched stars (Abyss:4)
  3 shadow wraiths
  11 sea snakes
  A salamander mystic (Snake:2)
  2 sixfirhies
  A cherub (Abyss:4)
  4 unseen horrors
  A sea snake (shapeshifter) (Vaults:5)
  A shadow demon (Abyss:5)
  2 death drakes
  3 flayed ghosts
  5 glowing orange brains
  A glowing orange brain (shapeshifter) (Elf:2)
  A lindwurm (Lair:6)
  3 iron trolls
  3 swamp dragons (Snake:1)
  35 deep trolls
  A golden dragon zombie (Depths:4)
  14 orc knights
  An orange crystal statue (Zot:5)
  17 deep elf archers
  23 harpies
  24 ironbrand convokers
  8 naga ritualists
  4 wizards
  9 necromancers
  2 phantasmal warriors
  12 mana vipers
  17 manticores
  8 orc sorcerers
  70 deep elf magi
  15 fauns
  An iron dragon skeleton (Depths:1)
  11 salamanders
  45 ugly things
  2 shining eyes
  A fire giant skeleton (Depths:1)
  28 moths of wrath
  A rust devil (Abyss:5)
  14 cyclopes
  3 ice statues (IceCv)
  33 black mambas
  6 water nymphs
  11 elephants
  3 orange demons (Abyss:4)
  17 merfolk sirens
  A titan simulacrum (Vaults:4)
  2 guardian serpents (shapeshifter)
  17 vault sentinels
  5 centaur zombies
  36 naga magi
  Maurice (D:13)
  6 guardian serpents
  A torpor snail (Lair:4)
  3 smoke demons
  A gargoyle (D:15)
  14 cane toads
  A cane toad (shapeshifter) (Depths:1)
  A hellion (Abyss:4)
  2 efreet
  68 yaktaurs
  2 yaktaurs (shapeshifter) (Vaults:5)
  A rime drake (shapeshifter) (Depths:1)
  4 rime drakes
  A kobold demonologist (D:13)
  13 starcursed masses (Abyss:4)
  7 komodo dragons
  A komodo dragon (shapeshifter) (Vaults:2)
  A yaktaur zombie (Depths:1)
  8 freezing wraiths
  4 tengu conjurers
  5 hellwings
  10 ice devils
  A redback zombie (D:15)
  4 ancient zymes
  29 merfolk
  A yaktaur skeleton (Depths:1)
  2 red devils
  A queen bee (Vaults:5)
  A troll (shapeshifter) (Vaults:5)
  2 meliai (shapeshifter)
  A shadow dragon simulacrum (Depths:4)
  14 trolls
  2 wind drakes
  41 slime creatures
  A raiju (shapeshifter) (Depths:5)
  25 blink frogs
  9 hippogriffs
  6 raiju
  A slime creature (shapeshifter) (Depths:3)
  A dream sheep (shapeshifter) (Depths:2)
  A hornet (shapeshifter) (Vaults:2)
  7 small abominations
  9 hornets
  4 dream sheep (Shoals:3)
  A hippogriff (shapeshifter) (Vaults:2)
  11 snapping turtles
  A redback (Vaults:3)
  65 yaks
  4 ynoxinuls
  4 spriggans
  4 shadows
  3 vampires
  6 wraiths
  4 air elementals
  6 fire elementals
  2 wyverns
  2 basilisks
  8 fire bats
  14 water elementals
  3 hogs (Snake:3)
  A neqoxec (Abyss:5)
  A human (Abyss:4)
  A golden eye (Lair:5)
  Grum (D:8)
  2 chaos spawn
  A yaktaur simulacrum (Vaults:5)
  A steam dragon (Snake:4)
  4 wargs
  13 large abominations
  2 soldier ants (shapeshifter)
  A swamp worm (Snake:1)
  A swamp worm (shapeshifter) (Depths:2)
  2 acid dragons
  4 floating eyes
  44 nagas
  20 water moccasins
  3 swamp drakes
  15 porcupines
  An ice beast (D:7)
  3 hell hounds (D:14)
  68 orc warriors
  A sky beast (shapeshifter) (D:11)
  4 sky beasts
  A black bear (Vaults:5)
  A necrophage (D:4)
  4 phantoms
  An ogre (shapeshifter) (Depths:1)
  An eye of draining (D:13)
  5 boggarts
  35 ogres
  14 wolves
  33 centaurs
  11 crocodiles
  4 big kobolds
  23 bullfrogs
  A gnoll sergeant (D:11)
  A glowing shapeshifter simulacrum (Vaults:5)
  2 earth elementals
  A wyvern skeleton (D:13)
  A scorpion (shapeshifter) (Vaults:5)
  3 scorpions
  15 killer bees
  16 wights
  5 electric eels
  A howler monkey (D:5)
  A lava snake (Snake:2)
  A draconian simulacrum (IceCv)
  31 orc priests
  6 hounds
  34 orc wizards
  3 bullfrog skeletons
  2 centaur skeletons
  3 iguanas
  3 troll simulacra (IceCv)
  2 hell rats (Lair:2)
  6 worker ants
  A centaur simulacrum (IceCv)
  2 hound skeletons
  A worker ant zombie (D:5)
  12 adders
  11 gnolls
  2 howler monkey skeletons
  3 naga simulacra (IceCv)
  2 ogre simulacra (IceCv)
  9 river rats
  3 shadow imps
  3 white imps
  An ufetubus (D:5)
  2 oozes (Sewer)
  5 worms
  5 leopard geckos
  136 orcs
  3 ball pythons
  5 giant cockroaches
  2 gnoll zombies (D:6)
  16 hobgoblins
  12 jackals
  A quokka (D:5)
  6 bats
  11 frilled lizards
  17 goblins
  18 kobolds
  A leopard gecko zombie (D:6)
  11 rats
  3 crawling corpses (Vaults:5)
  A fungus (Lair:4)
  2 plants
  4 starspawn tentacles
2607 creatures vanquished.

Vanquished Creatures (collateral kills)
  A Killer Klown (Zot:5)
  Frederick (Depths:4)
  An Orb Guardian (Zot:5)
  Asterion (Snake:1)
  A storm dragon (Zot:5)
  An angel (Abyss:4)
  A green draconian (Zot:5)
  A very ugly thing (Vaults:5)
  A centaur warrior (Depths:4)
  A dancing weapon (Abyss:4)
  2 two-headed ogres
  A spriggan (Depths:4)
  A cherub (Abyss:4)
  An orc knight (Bailey)
  2 moths of wrath (Zot:5)
  Joseph (D:8)
  A yaktaur (Vaults:5)
  A hornet (Depths:4)
  A slime creature (Vaults:3)
  A fire bat (Vaults:5)
  3 orc warriors (Bailey)
  A bullfrog (D:8)
  A wight (D:6)
  2 gnolls (Bailey)
  3 orcs (Bailey)
  11 goblins (Bailey)
  5 hobgoblins (Bailey)
48 creatures vanquished.

Vanquished Creatures (others)
  A ghost moth (Zot:4)
  A black draconian (Zot:5)
  2 merfolk impalers (Shoals:4)
  A death yak (Shoals:3)
  A naga ritualist (Snake:4)
  A slime creature (Depths:2)
  A cane toad (Lair:6)
  2 humans (Snake:4)
  A snapping turtle (Shoals:4)
  A spriggan (D:8)
  A water elemental (Elf:1)
  A yak (D:10)
  A fire bat (Abyss:4)
  A centaur (Vaults:2)
  An orc priest (D:15)
  An orc (Elf:1)
  6 bushes
  13 demonic plants
  27 fungi
  A lurking horror (Abyss:4)
  20 plants
  16 starspawn tentacles
101 creatures vanquished.

Grand Total: 2756 creatures vanquished

Notes
Turn   | Place    | Note
-------+----------+-------------------------------------------
     0 | D:1      | vurker the Demonspawn Brigand began the quest for the Orb.
     0 | D:1      | Reached XP level 1. HP: 16/16 MP: 1/1
   142 | D:1      | Gained mutation: When hurt, damage is shared between your
                  | health and your magic reserves. [demonic ancestry]
   142 | D:1      | Reached XP level 2. HP: 23/23 MP: 2/2
   632 | D:2      | Reached XP level 3. HP: 27/29 MP: 3/3
   783 | D:2      | Found a blossoming altar of Fedhas.
   783 | D:2      | Found a bloodstained altar of Trog.
   946 | D:2      | Found an ancient bone altar of Kikubaaqudgha.
   946 | D:2      | Found an ornate altar of the Wu Jian Council.
   946 | D:2      | Found a shadowy altar of Dithmenos.
  1004 | D:2      | Noticed an ogre
  1019 | D:2      | Killed an ogre
  1019 | D:2      | Reached skill level 5 in Fighting
  1019 | D:2      | Gained mutation: You regenerate magic rapidly. [demonic
                  | ancestry]
  1019 | D:2      | Reached XP level 4. HP: 39/39 MP: 4/4
  1046 | D:2      | Found a shadowy altar of Dithmenos.
  1366 | D:3      | Reached XP level 5. HP: 44/44 MP: 5/5
  1557 | D:3      | Found a glowing drain.
  1572 | Sewer    | Entered a sewer
  1901 | Sewer    | Gained mutation: When low on magic, you restore magic in
                  | place of health. [demonic ancestry]
  1901 | Sewer    | Reached XP level 6. HP: 19/53 MP: 6/6
  2607 | D:3      | Found a glowing golden altar of the Shining One.
  3135 | D:4      | Reached XP level 7. HP: 61/61 MP: 7/7
  3376 | D:4      | Found a transporter.
  3381 | D:4      | Found a hazy altar of Hepliaklqana.
  3420 | D:4      | Found a transporter.
  3621 | D:4      | Found a burning altar of Makhleb.
  3736 | D:5      | Entered Level 5 of the Dungeon
  3736 | D:5      | Found a staircase to the Ecumenical Temple.
  3743 | Temple   | Entered the Ecumenical Temple
  3812 | Temple   | Became a worshipper of Nemelex Xobeh the Trickster
  3869 | D:5      | Reached skill level 2 in Invocations
  4017 | D:5      | Received a gift from Nemelex Xobeh
  4076 | D:5      | Reached skill level 3 in Invocations
  4273 | D:5      | Found an ancient bone altar of Kikubaaqudgha.
  4328 | D:5      | Found a snail-covered altar of Cheibriados.
  4677 | D:6      | Gained mutation: You are slightly more attuned to the
                  | shadows. [demonic ancestry]
  4677 | D:6      | Reached XP level 8. HP: 69/71 MP: 10/10
  4814 | D:5      | Reached skill level 4 in Invocations
  5009 | D:6      | Reached skill level 5 in Invocations
  5033 | D:6      | Found a shimmering blue altar of Sif Muna.
  5086 | D:6      | Received a gift from Nemelex Xobeh
  5130 | D:6      | Found an opulent altar of Gozag.
  5250 | D:6      | Reached * piety under Nemelex Xobeh
  5312 | D:6      | Found a basalt altar of Yredelemnul.
  5852 | D:7      | Reached skill level 6 in Invocations
  5996 | D:7      | Reached skill level 10 in Fighting
  6007 | D:7      | Reached skill level 7 in Invocations
  6324 | D:7      | Reached XP level 9. HP: 64/78 MP: 14/14
  6787 | D:7      | Identified Silom's Almanac of the Escort
  7111 | D:8      | Reached skill level 8 in Invocations
  7355 | D:8      | Noticed Harold
  7387 | D:8      | Noticed Joseph
  7393 | D:8      | Killed Harold
  7393 | D:8      | Reached skill level 9 in Invocations
  7685 | D:7      | Reached skill level 10 in Invocations
  8242 | D:8      | Killed Joseph
  8242 | D:8      | Gained mutation: You are partially covered in iridescent
                  | scales. (AC +2) [demonic ancestry]
  8242 | D:8      | Reached XP level 10. HP: 6/89 MP: 5/18
  8245 | D:8      | Found a staircase to the Lair.
  8951 | D:8      | Paralysed by a hornet for 3 turns
  8957 | D:8      | Paralysed by a hornet for 1 turns
  8961 | D:8      | Reached skill level 11 in Invocations
  9573 | D:9      | Reached ** piety under Nemelex Xobeh
  9839 | D:9      | Received a gift from Nemelex Xobeh
  9858 | D:9      | Found a staircase to the Orcish Mines.
  9944 | D:9      | Reached skill level 1 in Axes
 10839 | D:10     | Entered Level 10 of the Dungeon
 10936 | D:10     | Reached *** piety under Nemelex Xobeh
 10940 | D:10     | Noticed a two-headed ogre
 10954 | D:10     | Killed a two-headed ogre
 11771 | D:10     | Found a shimmering altar of Xom.
 12034 | D:10     | Reached skill level 12 in Invocations
 12303 | D:10     | Received a gift from Nemelex Xobeh
 12643 | D:10     | Found a shimmering altar of Xom.
 13047 | D:10     | Reached skill level 5 in Axes
 13441 | D:10     | Gained mutation: You have a pair of small horns on your
                  | head. [demonic ancestry]
 13441 | D:10     | Reached XP level 11. HP: 20/96 MP: 20/20
 13804 | D:11     | Noticed a two-headed ogre
 13862 | D:11     | Received a gift from Nemelex Xobeh
 14260 | D:11     | Found a flagged portal.
 14277 | Bailey   | Entered a bailey
 15810 | Bailey   | Noticed an orc knight
 15822 | Bailey   | Killed an orc knight
 16130 | Bailey   | Noticed an orc knight
 16130 | Bailey   | Noticed an orc warlord
 16151 | Bailey   | Killed an orc knight
 16162 | Bailey   | Identified the -2 quarterstaff of Loppir {vorpal, rPois
                  | Str-4 Int+5 Dex-2}
 16172 | Bailey   | Killed an orc warlord
 16172 | Bailey   | Reached skill level 13 in Invocations
 16656 | Bailey   | Identified a scroll of acquirement
 16664 | D:11     | Acquired 1540 gold pieces
 16666 | D:11     | Reached skill level 5 in Armour
 16666 | D:11     | Reached skill level 5 in Shields
 16666 | D:11     | Gained mutation: You have a pair of horns on your head.
                  | [demonic ancestry]
 16666 | D:11     | Reached XP level 12. HP: 103/103 MP: 21/21
 16929 | D:11     | Noticed a two-headed ogre
 16956 | D:11     | Killed a two-headed ogre
 17323 | D:11     | Killed a two-headed ogre
 17558 | D:11     | Found a snail-covered altar of Cheibriados.
 17588 | D:11     | Received a gift from Nemelex Xobeh
 17598 | D:11     | Got a warped lapis lazuli ring
 17662 | D:11     | Got a transparent chain mail
 17725 | D:11     | Identified the +4 chain mail "Xeczykh" {Harm rElec} (You
                  | found it on level 11 of the Dungeon)
 17753 | D:11     | Found a portal to a secret trove of treasure.
 17888 | D:12     | Identified the cursed ring "Vuehika" {rElec rN+ AC-4 Int+3}
                  | (You found it on level 11 of the Dungeon)
 17910 | D:12     | Got a scorched hand axe
 17931 | D:12     | Reached **** piety under Nemelex Xobeh
 18178 | D:12     | Found a frozen archway.
 18204 | IceCv    | Entered an ice cave
 18219 | IceCv    | Received a gift from Nemelex Xobeh
 19914 | IceCv    | Reached XP level 13. HP: 85/111 MP: 23/23
 20981 | IceCv    | Found the +18 shield of the Gong {rElec rN+ MR+ EV-5}
 21750 | Lair:1   | Entered Level 1 of the Lair of Beasts
 21831 | Lair:1   | Noticed Grum
 22253 | D:8      | Reached skill level 14 in Invocations
 23333 | D:8      | Killed Grum
 23424 | Lair:1   | Received a gift from Nemelex Xobeh
 23913 | Lair:1   | Received a gift from Nemelex Xobeh
 24004 | Lair:2   | Reached ***** piety under Nemelex Xobeh
 25449 | Lair:2   | Reached skill level 10 in Axes
 25957 | Lair:2   | Identified the +7 hand axe "Wyjidd" {vorpal, rF++ MR+
                  | Str+2} (You found it on level 12 of the Dungeon)
 25975 | Lair:2   | Received a gift from Nemelex Xobeh
 26320 | Lair:3   | Noticed Nergalle
 26336 | Lair:2   | Killed Nergalle
 26880 | Lair:3   | Received a gift from Nemelex Xobeh
 27126 | Lair:3   | Received a gift from Nemelex Xobeh
 27180 | Lair:3   | Found a staircase to the Shoals.
 27714 | Lair:3   | Gained mutation: You are mostly covered in iridescent
                  | scales. (AC +4) [demonic ancestry]
 27714 | Lair:3   | Reached XP level 14. HP: 63/120 MP: 25/25
 28560 | Lair:4   | Reached skill level 15 in Invocations
 29317 | Lair:4   | Found a staircase to the Snake Pit.
 29789 | Lair:5   | Received a gift from Nemelex Xobeh
 30431 | Lair:5   | Received a gift from Nemelex Xobeh
 30517 | Lair:5   | Found a shimmering blue altar of Sif Muna.
 30674 | Lair:6   | Entered Level 6 of the Lair of Beasts
 31711 | Lair:6   | Received a gift from Nemelex Xobeh
 32157 | Lair:6   | Found a staircase to the Slime Pits.
 32158 | Lair:6   | Found a viscous altar of Jiyva.
 32165 | Lair:6   | Received a gift from Nemelex Xobeh
 32375 | Lair:6   | Reached XP level 15. HP: 29/127 MP: 12/26
 32378 | Lair:6   | Reached skill level 16 in Invocations
 33123 | Lair:6   | Found the +0 staff of Battle
 33130 | Lair:6   | Received a gift from Nemelex Xobeh
 33430 | Orc:1    | Entered Level 1 of the Orcish Mines
 33449 | Orc:1    | Reached skill level 1 in Dodging
 33774 | Orc:1    | Reached skill level 15 in Fighting
 34041 | Orc:2    | Entered Level 2 of the Orcish Mines
 34383 | Orc:2    | Identified the +2 chain mail of Geirinub {rN++ MR+ Int+4}
 34450 | Orc:2    | Received a gift from Nemelex Xobeh
 34771 | Orc:2    | Found a staircase to the Elven Halls.
 35053 | Orc:2    | Found a roughly hewn altar of Beogh.
 35313 | Orc:2    | Found Xaffosod's Distillery.
 35322 | Orc:2    | Bought a potion of heal wounds for 65 gold pieces
 35322 | Orc:2    | Bought 2 potions of ambrosia for 208 gold pieces
 35322 | Orc:2    | Bought a potion of heal wounds for 65 gold pieces
 35322 | Orc:2    | Bought a potion of might for 52 gold pieces
 35322 | Orc:2    | Bought a potion of mutation for 104 gold pieces
 35322 | Orc:2    | Bought a potion of might for 52 gold pieces
 35327 | Orc:2    | Found Witel's Armour Shoppe.
 35332 | Orc:2    | Bought the +2 pair of boots of Dramatic Exits {-Cast +Inv
                  | rC+ Stlth+} for 500 gold pieces
 35762 | Orc:2    | Noticed an orc warlord
 35792 | Orc:2    | Killed an orc warlord
 35858 | Orc:2    | Found a roughly hewn altar of Beogh.
 35924 | Orc:2    | Found Qiorawadax's Distillery.
 36142 | Orc:2    | Bought a potion of haste for 170 gold pieces
 36162 | Orc:2    | Found Gainepti's Antique Armour Boutique.
 36507 | Orc:2    | Bought the +1 cloak of Starlight {rElec rC+ EV+4 Stlth--}
                  | for 1379 gold pieces
 36507 | Orc:2    | Found the +1 cloak of Starlight {rElec rC+ EV+4 Stlth--}
 36651 | Orc:2    | Bought a potion of cancellation for 136 gold pieces
 36651 | Orc:2    | Bought 2 potions of might for 136 gold pieces
 36651 | Orc:2    | Bought a potion of mutation for 136 gold pieces
 36651 | Orc:2    | Bought a potion of mutation for 136 gold pieces
 37080 | D:13     | Received a gift from Nemelex Xobeh
 37203 | D:13     | Noticed Maurice
 37215 | D:13     | Killed Maurice
 37269 | D:13     | Paralysed by a hornet for 3 turns
 37427 | D:13     | Reached ****** piety under Nemelex Xobeh
 37819 | D:14     | Reached skill level 10 in Shields
 38055 | D:14     | Noticed Azrael
 38089 | D:14     | Killed Azrael
 38115 | D:14     | Gained mutation: Your magical and physical power is
                  | slightly enhanced at high health. [demonic ancestry]
 38115 | D:14     | Reached XP level 16. HP: 109/136 MP: 28/28
 38504 | D:14     | Received a gift from Nemelex Xobeh
 38707 | D:14     | Found a gate to the Vaults.
 38759 | D:15     | Entered Level 15 of the Dungeon
 38910 | D:15     | Noticed Nessos
 38928 | D:15     | Killed Nessos
 38983 | D:15     | Found a snail-covered altar of Cheibriados.
 38995 | D:15     | Found Kiawe's Assorted Antiques.
 39026 | D:15     | Reached skill level 17 in Invocations
 39142 | D:15     | Received a gift from Nemelex Xobeh
 39497 | D:15     | Found a staircase to the Depths.
 40119 | Snake:1  | Entered Level 1 of the Snake Pit
 40156 | Snake:1  | Reached skill level 5 in Dodging
 40641 | Snake:1  | Identified the +4 shortbow of Uker {freeze, rPois}
 41250 | Snake:1  | Found Taleoj's Gadget Boutique.
 41510 | Snake:1  | Found Rodium's Jewellery Emporium.
 41510 | Snake:1  | Found Louleo's Jewellery Emporium.
 41510 | Snake:1  | Found Goth's Gadget Boutique.
 41583 | Snake:1  | Found Miegucsa's Antique Weapon Emporium.
 41975 | Snake:2  | Noticed Asterion
 41989 | Snake:1  | Killed Asterion
 42092 | Snake:2  | Received a gift from Nemelex Xobeh
 42324 | Snake:2  | Reached skill level 1 in Long Blades
 42413 | Snake:2  | Received a gift from Nemelex Xobeh
 42429 | Snake:2  | Found a large runed translucent door.
 42429 | Snake:2  | Found a large runed translucent door.
 42430 | Snake:2  | Noticed tilp's ghost (adept SpEn)
 42436 | Snake:2  | Found the +3 crown of Dyrovepreva {rElec Int+2 SInv}
 42476 | Snake:2  | Gained mutation: You are significantly more attuned to the
                  | shadows. [demonic ancestry]
 42476 | Snake:2  | Reached XP level 17. HP: 101/144 MP: 29/29
 43110 | Snake:2  | Killed tilp's ghost
 44284 | Snake:3  | Received a gift from Nemelex Xobeh
 44539 | Snake:3  | Received a gift from Nemelex Xobeh
 44813 | Snake:4  | Entered Level 4 of the Snake Pit
 44881 | Snake:4  | Reached skill level 5 in Long Blades
 44882 | Snake:4  | Reached skill level 18 in Invocations
 46341 | Snake:4  | Noticed Kirke
 46363 | Snake:3  | Killed Kirke
 46388 | Snake:4  | Reached XP level 18. HP: 141/153 MP: 31/31
 46830 | Snake:4  | Got a serpentine rune of Zot
 46847 | Snake:4  | Identified the Catalogue of Creative Toxins
 46863 | Snake:4  | Received a gift from Nemelex Xobeh
 47555 | Shoals:1 | Entered Level 1 of the Shoals
 47624 | Shoals:1 | Noticed Donald
 47652 | Shoals:1 | Killed Donald
 48006 | Shoals:1 | Found Giot's Book Shoppe.
 48122 | Shoals:1 | Received a gift from Nemelex Xobeh
 48689 | Shoals:1 | Reached skill level 1 in Polearms
 50385 | Shoals:2 | Received a gift from Nemelex Xobeh
 50895 | Shoals:3 | Noticed Ilsuiw
 51095 | Shoals:3 | Reached skill level 19 in Invocations
 51800 | Shoals:4 | Entered Level 4 of the Shoals
 51805 | Shoals:4 | Reached skill level 10 in Armour
 52210 | Shoals:3 | Killed Ilsuiw
 52932 | Shoals:4 | Noticed Louise
 52942 | Shoals:4 | Killed Louise
 52946 | Shoals:4 | Reached skill level 5 in Polearms
 53673 | Shoals:3 | Gained mutation: You are completely covered in iridescent
                  | scales. (AC +6) [demonic ancestry]
 53673 | Shoals:3 | Reached XP level 19. HP: 84/161 MP: 24/32
 55107 | Shoals:4 | Noticed Polyphemus
 55334 | Shoals:3 | Killed Polyphemus
 56400 | Shoals:4 | Received a gift from Nemelex Xobeh
 56436 | Shoals:4 | Got a barnacled rune of Zot
 56728 | Shoals:4 | Received a gift from Nemelex Xobeh
 57044 | Elf:1    | Entered Level 1 of the Elven Halls
 57490 | Elf:1    | Identified Roxanne's Collected Works on Transmigration
 57490 | Elf:1    | Noticed Roxanne
 57658 | Elf:1    | Found Cozilah's Food Shoppe.
 57710 | Elf:1    | Received a gift from Nemelex Xobeh
 58447 | Elf:1    | Found a runed translucent gate.
 58447 | Elf:1    | Found a runed translucent gate.
 58447 | Elf:1    | Found a runed translucent gate.
 58447 | Elf:1    | Found a runed translucent gate.
 58447 | Elf:1    | Found a runed translucent gate.
 58448 | Elf:1    | Found a runed translucent gate.
 59397 | Elf:2    | Received a gift from Nemelex Xobeh
 59451 | Elf:2    | Found a runed translucent gate.
 59451 | Elf:2    | Found a runed translucent gate.
 59454 | Elf:2    | Found a runed translucent gate.
 60543 | Elf:2    | Received a gift from Nemelex Xobeh
 60764 | Elf:3    | Entered Level 3 of the Elven Halls
 60772 | Elf:3    | Received a gift from Nemelex Xobeh
 60865 | Elf:3    | Gained mutation: You are completely attuned to the shadows.
                  | [demonic ancestry]
 60865 | Elf:3    | Reached XP level 20. HP: 141/170 MP: 33/33
 61294 | Elf:3    | Reached skill level 20 in Invocations
 61434 | Elf:3    | Gained mutation: You are weak. (Str -2) [a neqoxec]
 62149 | Elf:3    | Identified the Handbook of Attacks
 62217 | Elf:3    | Received a gift from Nemelex Xobeh
 62370 | Elf:3    | Identified the +3 chain mail "Hooss" {rElec rC- MR+ Int+3}
 62417 | Elf:3    | Identified the ring "Pastuwann" {rN+ Str+3 Dex+6 Slay-6}
 62422 | Elf:3    | Identified the +7 halberd "Jellyslayer" {vorpal, +Blink
                  | Str+9}
 62794 | Elf:3    | Identified the +5 spear "Sameic" {speed, +Inv rF- Str+3
                  | Stlth+}
 62919 | Elf:3    | Identified the +7 falchion "Ojiorif" {flame, Dex+9}
 63052 | Elf:3    | Identified the +0 plate armour of Zusoxaec {rPois rF+ rC-
                  | rCorr}
 63083 | Elf:3    | Reached skill level 10 in Polearms
 63246 | Elf:3    | Identified the Volume of the Flamy Compass
 63291 | Elf:3    | Received a gift from Nemelex Xobeh
 63727 | Vaults:1 | Entered Level 1 of the Vaults
 63962 | Snake:1  | Bought the ring of Dira {rF+ rCorr} for 510 gold pieces
 64805 | Vaults:1 | Received a gift from Nemelex Xobeh
 65405 | Vaults:1 | Reached XP level 21. HP: 177/177 MP: 35/35
 66091 | Vaults:1 | Found Deudoho's Food Emporium.
 66307 | Vaults:2 | Found a staircase to the Crypt.
 66367 | Vaults:2 | Noticed Sojobo
 66398 | Vaults:2 | Killed Sojobo
 66404 | Vaults:2 | Noticed Aizul
 66422 | Vaults:2 | Killed Aizul
 66583 | Vaults:2 | Reached skill level 21 in Invocations
 66851 | Vaults:2 | Received a gift from Nemelex Xobeh
 67293 | Vaults:2 | Received a gift from Nemelex Xobeh
 67875 | Vaults:3 | Received a gift from Nemelex Xobeh
 67917 | Vaults:3 | Noticed Bai Suzhen
 67923 | Vaults:3 | Killed Bai Suzhen
 67979 | Vaults:3 | Reached skill level 5 in Throwing
 68331 | Vaults:3 | Found Jukixt's Armour Shop.
 68333 | Vaults:3 | Noticed Nikola
 68346 | Vaults:3 | Killed Nikola
 68639 | Vaults:3 | Noticed Boris
 68661 | Vaults:3 | Killed Boris
 68844 | Vaults:3 | Noticed Margery
 68865 | Vaults:3 | Killed Margery
 68921 | Vaults:3 | Received a gift from Nemelex Xobeh
 68989 | Vaults:3 | Paralysed by a sphinx for 3 turns
 69208 | Vaults:3 | Reached XP level 22. HP: 157/186 MP: 32/36
 70089 | Vaults:4 | Reached skill level 15 in Shields
 70287 | Vaults:4 | Received a gift from Nemelex Xobeh
 70312 | Vaults:4 | Noticed Xtahua
 70320 | Vaults:4 | Killed Xtahua
 70675 | Vaults:4 | Received a gift from Nemelex Xobeh
 70824 | Vaults:4 | Found Doxtenn's Armour Boutique.
 71515 | Vaults:5 | Entered Level 5 of the Vaults
 71529 | Vaults:4 | Reached skill level 22 in Invocations
 73061 | Vaults:5 | Cast into level 4 of the Abyss (a deep elf sorcerer)
 73278 | Abyss:4  | Found a corrupted altar of Lugonu.
 73306 | Abyss:4  | Received a gift from Nemelex Xobeh
 73456 | Abyss:4  | Found a corrupted altar of Lugonu.
 73534 | Abyss:4  | Found a corrupted altar of Lugonu.
 73630 | Abyss:4  | Reached XP level 23. HP: 98/195 MP: 38/38
 73921 | Abyss:4  | Gained mutation: You are frail. (-10% HP) [a cacodemon]
 73929 | Abyss:4  | Gained mutation: You are very weak. (Str -4) [a cacodemon]
 74186 | Abyss:4  | Gained mutation: You tend to lose your temper in combat. [a
                  | cacodemon]
 74219 | Abyss:4  | Paralysed by accursed screaming for 1 turns
 74245 | Abyss:4  | Found a glowing golden altar of the Shining One.
 74339 | Abyss:4  | Noticed a juggernaut
 74355 | Abyss:4  | Got an abyssal rune of Zot
 74404 | Abyss:4  | Lost mutation: You are frail. (-10% HP) [potion of
                  | mutation]
 74404 | Abyss:4  | Lost mutation: You are very weak. (Str -4) [potion of
                  | mutation]
 74404 | Abyss:4  | Lost mutation: You are weak. (Str -2) [potion of mutation]
 74404 | Abyss:4  | Lost mutation: You tend to lose your temper in combat.
                  | [potion of mutation]
 74404 | Abyss:4  | Gained mutation: Your flesh is cold resistant. (rC+)
                  | [potion of mutation]
 74525 | Abyss:5  | Entered Level 5 of the Abyss
 74672 | Abyss:5  | Gained mutation: You are extremely frail. (-30% HP) [a
                  | cacodemon]
 74674 | Abyss:5  | Received a gift from Nemelex Xobeh
 74827 | Vaults:5 | Escaped the Abyss
 74975 | Vaults:5 | Noticed an ancient lich
 74997 | Vaults:5 | Killed an ancient lich
 74997 | Vaults:5 | Reached skill level 23 in Invocations
 75376 | Vaults:5 | Reached skill level 10 in Throwing
 75781 | Vaults:5 | Identified the +10 mace "Concordance" {freeze, Dex+2}
 76167 | Vaults:5 | Identified the amulet of Cuaduakh {Acrobat rN+}
 76176 | Vaults:5 | Reached skill level 15 in Armour
 76228 | Vaults:5 | Identified the ring "Unizeulo" {*Slow rN+ rCorr Int+4 SInv}
 77484 | Vaults:5 | Gained mutation: You have a pair of large horns on your
                  | head. [demonic ancestry]
 77484 | Vaults:5 | Reached XP level 24. HP: 169/184 MP: 38/38
 77853 | Vaults:5 | Received a gift from Nemelex Xobeh
 77931 | Vaults:5 | Identified the ring of the Gastropod {Dex+6 Stlth+}
 78452 | Vaults:5 | Got a scorched dagger
 78485 | Vaults:5 | Found the +3 hat of Pondering {ponderous, MR+ MP+10 Int+5}
 78537 | Vaults:5 | Identified Dukhyq's Volume of Dark Arts and Aid
 78555 | Vaults:5 | Got a silver rune of Zot
 78911 | Vaults:5 | Received a gift from Nemelex Xobeh
 79159 | Vaults:5 | Acquired 590 gold pieces
 79350 | Depths:1 | Entered Level 1 of the Depths
 79991 | D:15     | Reached skill level 24 in Invocations
 80523 | Depths:1 | Found Fiump's Magic Scroll Shop.
 80528 | Depths:1 | Bought a scroll of brand weapon for 380 gold pieces
 80528 | Depths:1 | Bought a scroll of magic mapping for 66 gold pieces
 80528 | Depths:1 | Bought a scroll of brand weapon for 380 gold pieces
 80528 | Depths:1 | Bought 2 scrolls of blinking for 285 gold pieces
 80528 | Depths:1 | Bought a scroll of enchant weapon for 142 gold pieces
 80528 | Depths:1 | Bought a scroll of enchant armour for 142 gold pieces
 80528 | Depths:1 | Bought a scroll of fear for 66 gold pieces
 80946 | Depths:1 | Found a gateway to a ziggurat.
 81018 | Depths:1 | Found a gateway to Hell.
 81441 | Depths:1 | Gained mutation: You are very frail. (-20% HP) [a shining
                  | eye]
 81786 | Depths:1 | Lost mutation: You are very frail. (-20% HP) [potion of
                  | mutation]
 81786 | Depths:1 | Lost mutation: Your flesh is cold resistant. (rC+) [potion
                  | of mutation]
 81786 | Depths:1 | Lost mutation: You are frail. (-10% HP) [potion of
                  | mutation]
 81786 | Depths:1 | Gained mutation: Your body sometimes deteriorates upon
                  | taking damage. [potion of mutation]
 81786 | Depths:1 | Gained mutation: You are frail. (-10% HP) [potion of
                  | mutation]
 81786 | Depths:1 | Gained mutation: You are covered in fur. (AC +1) [potion of
                  | mutation]
 81787 | Depths:1 | Lost mutation: You are frail. (-10% HP) [potion of
                  | mutation]
 81787 | Depths:1 | Lost mutation: Your body sometimes deteriorates upon taking
                  | damage. [potion of mutation]
 81787 | Depths:1 | Lost mutation: You are covered in fur. (AC +1) [potion of
                  | mutation]
 81787 | Depths:1 | Gained mutation: Scrolls take you a little longer to read.
                  | [potion of mutation]
 81787 | Depths:1 | Gained mutation: You have large cloven feet. [potion of
                  | mutation]
 81787 | Depths:1 | Gained mutation: You have a beak for a mouth. [potion of
                  | mutation]
 81788 | Depths:1 | Lost mutation: You have large cloven feet. [potion of
                  | mutation]
 81788 | Depths:1 | Lost mutation: Scrolls take you a little longer to read.
                  | [potion of mutation]
 81788 | Depths:1 | Lost mutation: You have a beak for a mouth. [potion of
                  | mutation]
 81788 | Depths:1 | Gained mutation: You are robust. (+10% HP) [potion of
                  | mutation]
 81788 | Depths:1 | Gained mutation: You evolve. [potion of mutation]
 82399 | Depths:2 | Gained mutation: Your magical capacity is low. (-10% MP)
                  | [evolution]
 82419 | Depths:2 | Gained mutation: Your magical and physical power is
                  | enhanced at high health. [demonic ancestry]
 82419 | Depths:2 | Reached XP level 25. HP: 149/235 MP: 35/35
 82722 | Depths:2 | Found a one-way gate leading to the halls of Pandemonium.
 82839 | Depths:2 | Identified the cursed +0 ring mail "Funoroen" {rN++ Str+9
                  | Int-5 SInv}
 82889 | Depths:2 | Reached skill level 25 in Invocations
 82984 | Depths:2 | Received a gift from Nemelex Xobeh
 83025 | Depths:2 | Got a masterwork ring mail
 83277 | Depths:2 | Found a one-way gate to the infinite horrors of the Abyss.
 83360 | Depths:2 | Received a gift from Nemelex Xobeh
 83519 | Depths:3 | Identified the ring "Bomufuw" {rC+ rN+++ MR+ Int-5 Dex-5}
 83598 | Depths:3 | Found Kawi's Magic Scroll Emporium.
 83612 | Depths:3 | Bought a scroll of fog for 22 gold pieces
 83612 | Depths:3 | Bought a scroll of immolation for 38 gold pieces
 83612 | Depths:3 | Bought a scroll of enchant armour for 82 gold pieces
 83612 | Depths:3 | Bought a scroll of fog for 22 gold pieces
 83612 | Depths:3 | Bought a scroll of teleportation for 33 gold pieces
 84124 | Depths:3 | Received a gift from Nemelex Xobeh
 84166 | Depths:3 | Paralysed by a floating eye for 3 turns
 84175 | Depths:3 | Identified the ring "Rudag" {rPois Str+4}
 84260 | Depths:3 | Identified the ring of Geetziw {rPois Stlth-}
 84467 | Depths:3 | Found Ogot's Book Emporium.
 84846 | Depths:4 | Noticed Frederick
 85195 | Depths:4 | Noticed Jory
 85219 | Depths:4 | Killed Frederick
 85230 | Depths:4 | Killed Jory
 85597 | Depths:4 | Received a gift from Nemelex Xobeh
 85891 | Depths:5 | Entered Level 5 of the Depths
 85914 | Depths:5 | Found Zaapocku's Food Emporium.
 86194 | Depths:5 | Reached XP level 26. HP: 187/247 MP: 30/35
 86199 | Depths:5 | Reached skill level 26 in Invocations
 86297 | Depths:5 | Found a gate to the Realm of Zot.
 86555 | Depths:5 | Found Vyphicw's Gadget Shop.
 86674 | Depths:5 | Found Vionog's Assorted Antiques.
 86679 | Depths:5 | Bought an ancient platinum ring for 185 gold pieces
 86679 | Depths:5 | Bought a scroll of enchant armour for 277 gold pieces
 86684 | Depths:5 | Identified the ring "Zabrimom" {MR+++ Str-3 Dex-3 Slay+4
                  | SInv} (You bought it in a shop on level 5 of the Depths)
 86708 | Depths:5 | Received a gift from Nemelex Xobeh
 86715 | Depths:5 | Found Kabadef's Jewellery Shop.
 86833 | Depths:5 | Reached skill level 1 in Evocations
 86912 | Depths:5 | Found Naupiyn's Book Emporium.
 87224 | Zot:1    | Entered Level 1 of the Realm of Zot
 87463 | Zot:1    | Noticed an orb of fire
 87468 | Zot:1    | Gained mutation: Your magical capacity is very low. (-20%
                  | MP) [an orb of fire]
 87475 | Zot:1    | Gained mutation: Armour fits poorly on your strangely
                  | shaped body. [an orb of fire]
 87477 | Zot:1    | Gained mutation: Your magical capacity is extremely low.
                  | (-30% MP) [an orb of fire]
 87480 | Zot:1    | Gained mutation: You are clumsy. (Dex -2) [an orb of fire]
 87483 | Zot:1    | Killed an orb of fire
 88076 | Zot:1    | Noticed an orb of fire
 88084 | Zot:1    | Gained mutation: You occasionally shout uncontrollably at
                  | your foes. [an orb of fire]
 88088 | Zot:1    | Gained mutation: Your spells are a little easier to cast,
                  | but a little less powerful. [an orb of fire]
 88092 | Zot:1    | Killed an orb of fire
 88393 | Zot:1    | Reached skill level 5 in Evocations
 88593 | Zot:1    | Lost mutation: You are robust. (+10% HP) [evolution]
 88728 | Zot:1    | Received a gift from Nemelex Xobeh
 90407 | Zot:2    | Received a gift from Nemelex Xobeh
 90614 | Zot:3    | Reached skill level 27 in Invocations
 90756 | Zot:3    | Gained mutation: Your magical and physical power is greatly
                  | enhanced at high health. [demonic ancestry]
 90756 | Zot:3    | Reached XP level 27. HP: 119/235 MP: 27/28
 91304 | Zot:3    | Received a gift from Nemelex Xobeh
 91351 | Zot:3    | Reached skill level 10 in Dodging
 91930 | Zot:3    | Received a gift from Nemelex Xobeh
 93937 | Zot:4    | Received a gift from Nemelex Xobeh
 94216 | Zot:5    | Entered Level 5 of the Realm of Zot
 94808 | Zot:5    | Noticed an orb of fire
 94810 | Zot:5    | Gained mutation: You are weak. (Str -2) [an orb of fire]
 94830 | Zot:4    | Killed an orb of fire
 95008 | Zot:5    | Noticed an orb of fire
 95008 | Zot:5    | Noticed an ancient lich
 95014 | Zot:4    | Killed an ancient lich
 95023 | Zot:4    | Gained mutation: Your spells are easier to cast, but less
                  | powerful. [an orb of fire]
 95025 | Zot:4    | Killed an orb of fire
 95250 | Zot:5    | Noticed an orb of fire
 95252 | Zot:5    | Noticed an ancient lich
 95264 | Zot:4    | Gained mutation: Your flesh is cold resistant. (rC+) [an
                  | orb of fire]
 95270 | Zot:4    | Gained mutation: Your spells are much easier to cast, but
                  | much less powerful. [an orb of fire]
 95274 | Zot:4    | Killed an orb of fire
 95376 | Zot:4    | Noticed a juggernaut
 95376 | Zot:4    | a Killer Klown changed into a juggernaut
 95389 | Zot:4    | Killed a juggernaut
 95391 | Zot:5    | Noticed an orb of fire
 95399 | Zot:4    | Killed an ancient lich
 95414 | Zot:5    | Killed an orb of fire
 95466 | Zot:5    | Reached skill level 15 in Throwing
 95575 | Zot:5    | Noticed a juggernaut
 95575 | Zot:5    | a Killer Klown changed into a juggernaut
 95592 | Zot:5    | Killed a juggernaut
 96730 | Zot:5    | Received a gift from Nemelex Xobeh
 97993 | Zot:5    | Lost mutation: Armour fits poorly on your strangely shaped
                  | body. [potion of mutation]
 97993 | Zot:5    | Lost mutation: Your magical capacity is extremely low.
                  | (-30% MP) [potion of mutation]
 97993 | Zot:5    | Lost mutation: Your magical capacity is very low. (-20% MP)
                  | [potion of mutation]
 97993 | Zot:5    | Lost mutation: You are clumsy. (Dex -2) [potion of
                  | mutation]
 97993 | Zot:5    | Lost mutation: Your magical capacity is low. (-10% MP)
                  | [potion of mutation]
 97993 | Zot:5    | Gained mutation: Your flesh is very cold resistant. (rC++)
                  | [potion of mutation]
 97994 | Zot:5    | Lost mutation: You occasionally shout uncontrollably at
                  | your foes. [potion of mutation]
 97994 | Zot:5    | Lost mutation: You are weak. (Str -2) [potion of mutation]
 97994 | Zot:5    | Gained mutation: You occasionally shout uncontrollably at
                  | your foes. [potion of mutation]
 97994 | Zot:5    | Gained mutation: You have an increased reservoir of magic.
                  | (+10% MP) [potion of mutation]
 97994 | Zot:5    | Gained mutation: Your system is resistant to poisons.
                  | (rPois) [potion of mutation]
 98022 | Zot:5    | Got the Orb of Zot
 98612 | D:$      | Escaped with the Orb!

Illustrated notes

Levels and vault maps discovered:
D:1:      tarquinn_simple_flora_water_f, layout_rooms
D:2:      layout_basic, gammafunk_temple_overflow_wave,
          gammafunk_temple_overflow_claw, chequers_jeans,
          grunt_dithmenos_smoke_and_mirrors
D:3:      layout_basic, lemuel_doored_altar, cheibrodos_sewer_entry_bend
D:4:      gammafunk_steamed_eel, layout_rooms, nicolae_overflow_hidden_temple,
          overflow_temple_1_default, first_ration
D:5:      layout_loops_ring, kennysheep_little_box,
          minmay_temple_entry_statues_pillars, basic_altar
D:6:      layout_rooms, nicolae_gozag_cash_rules_everything_around_me,
          led_sif_book, lemuel_zombie_altar_yredelemnul
D:7:      layout_loops_corners
D:8:      layout_basic, grunt_lair_entry_orc_guard_hut, the_bakery,
          minmay_strange_pillars, uniq_harold, uniq_joseph
D:9:      layout_stronghold, orc_0_dummy
D:10:     layout_basic, basic_altar, brannock_xom_greatest_gift
D:11:     layout_rooms, enter_bailey_7, basic_altar, nicolae_trove_entry_columns
D:12:     layout_basic, portal_ice_cave_entry_pillars_2
D:13:     layout_roguey, uniq_maurice
D:14:     layout_loops_ring, erik_vaults_1, minmay_stone_trees_small,
          uniq_azrael
D:15:     grunt_enter_depths_snipers, layout_basic, hangedman_decor_growths,
          serial_shops, shop, kennysheep_flooded_box, uniq_nessos
Temple:   jpeg_temple_alley_garden
Lair:1:   layout_regular_city, infiniplex_staircase_pool, uniq_grum
Lair:2:   layout_hall_layers, kennysheep_rathole
Lair:3:   layout_gridlike, elwin_shoals_entry_rooms, uniq_nergalle
Lair:4:   layout_hall_layers, minmay_snake_entry_spellcaster,
          patterned_corridor, minmay_lair_oklob_chamber
Lair:5:   layout_cave_shapes, basic_altar, infiniplex_staircase_pool_2,
          grunt_megastairs_2
Lair:6:   evilmike_catoblepas_cave, layout_layer_cave, slime_altar_1
Shoals:1: layout_shoals, serial_shops, shop, hangedman_shoal_volcano,
          uniq_donald
Shoals:2: nicolae_shoals_island_circles, layout_shoals
Shoals:3: layout_shoals, uniq_ilsuiw
Shoals:4: shoals_end_simple, layout_shoals, shoals_ilsuiw_ice, yaktaur_hedge,
          uniq_polyphemus, uniq_louise
Snake:1:  onia_ninara_swampy_vault, layout_misc_corridors, serial_shops,
          nicolae_shop_waterfront, nicolae_shop_temple_entry_statues_fountains,
          minmay_shop_grove
Snake:2:  layout_basic, ebering_ghost_disaster_area, drop_trap, uniq_asterion
Snake:3:  layout_gridlike, special_room, statue_in_the_mist_lemuel,
          abandoned_shop, minmay_snake_pond, serial_bayou_shore_b
Snake:4:  snake_pit, layout_basic, uniq_kirke
Orc:1:    layout_diamond_mine
Orc:2:    pubby_orc_utopia, serial_shops
Elf:1:    layout_loops_cross, serial_shops, shop, orc_legates, uniq_roxanne
Elf:2:    layout_rooms, nicolae_twisting_strands
Elf:3:    minmay_elf_hall_dome, layout_loops_cross, minmay_elf_annihilation
Vaults:1: nicolae_vaults_gold_heap, grunt_vaults_bifocal, v_misc_22,
          nicolae_vaults_ninety_degrees, v_misc_17,
          nicolae_vaults_network_periphery, v_misc_15, v_misc_11,
          nicolae_vaults_diagonal_hallway_7, ontoclasm_vaults_decontamination,
          v_misc_15, vaults_room_semicircle, vaults_mumra_minichess_inversion,
          nicolae_vaults_little_squares_1, layout_vaults_omnicross,
          serial_shops, shop
Vaults:2: nicolae_vaults_little_squares_5, v_alt_pattern_3, st_spiral_rooms,
          vaults_mumra_chevron_long, hangedman_vaults_nails,
          dpeg_vaults_monster_box, vaults_room_fours, layout_vaults_quadrants,
          dummy_crypt_entry, uniq_aizul, uniq_sojobo
Vaults:3: hangedman_vaults_nails, nicolae_vaults_little_squares_3,
          ontoclasm_vaults_tryst, v_misc_14, grunt_vaults_funnel,
          nicolae_vaults_c_with_doors, ontoclasm_vaults_ring_large,
          vaults_room_door_ring, ontoclasm_vaults_chip, ontoclasm_vaults_eye,
          nicolae_vaults_ring_of_whatevers, layout_vaults_omnibox, serial_shops,
          nicolae_shop_behind_doors, uniq_margery, uniq_bai_suzhen, uniq_nikola,
          uniq_boris
Vaults:4: nicolae_vaults_three_branches, vaults_room_octagon,
          dpeg_vaults_monster_row, nicolae_vaults_quartermaster,
          nicolae_vaults_asterisk, nicolae_vaults_windows_and_doors_thing,
          nicolae_vaults_twisting_passages, vaults_room_fancy_cross, v_misc_9,
          layout_vaults_big_room, serial_shops, nicolae_shop_waterfront,
          uniq_xtahua
Vaults:5: serial_shops
Depths:1: layout_long_grid, enter_ziggurat_e, serial_shops, shop_fountains,
          minmay_tree_intersection, grunt_metal_band, minmay_misc_feat_ornament,
          kennysheep_generic_room_6
Depths:2: minmay_the_grid_square_5x5_4x4_mashed [minmay_the_grid_square_5x5_meh,
          minmay_the_grid_square_5x5_hollow_slash,
          minmay_the_grid_square_5x5_minivault,
          minmay_the_grid_square_5x5_checkered_statues,
          minmay_the_grid_square_5x5_v,
          minmay_the_grid_square_5x5_prize_monsterx,
          minmay_the_grid_square_5x5_prize_waves,
          minmay_the_grid_square_5x5_eight_small,
          minmay_the_grid_square_5x5_dogpile,
          minmay_the_grid_square_5x5_prize_junk,
          minmay_the_grid_square_5x5_prize_deathbox,
          minmay_the_grid_square_5x5_n, minmay_the_grid_square_5x5_corner,
          minmay_the_grid_square_5x5_almost_minimal,
          minmay_the_grid_square_5x5_bite, minmay_the_grid_square_5x5_lines],
          layout_long_grid, abyss_entry, pf_coc_iceberg, pan_entry
Depths:3: hangedman_spin_cycle, hell_entry, pan_entry
Depths:4: minmay_haunted_quarter, layout_cave_pools, hell_entry,
          minmay_misc_feat_cross, abyss_entry, uniq_jory, uniq_frederick
Depths:5: grunt_zot_entry_bicorn, layout_honeycomb, minmay_misc_feat_tower,
          hell_entry, serial_shops, nicolae_shop_crystal, shop, shop,
          shop_statue, nicolae_shop_crystal, abyss_entry_crystal
Zot:1:    layout_misc_corridors, st_stairs_11
Zot:2:    layout_basic
Zot:3:    layout_gridlike
Zot:4:    layout_basic, grunt_ministairs_10, hangedman_zot_decor_slant
Zot:5:    layout_basic, skrybe_zot_glass_3

Skill      XL: |  1  2  3  4  5  6  7  8  9 10 11 12 13 14 15 16 17 18 19 20 21 22 23 24 25 26 27 |
---------------+----------------------------------------------------------------------------------+-----
Fighting       | 3 5 6 7 9 10 11 12 13 14 15 16 17 18 19 20 21 22 23 24 | 24.9
Invocations    | 3 7 10 12 13 14 15 16 17 18 19 20 21 22 23 24 25 27 | 27.0
Axes           | 5 6 8 10 12 13 14 | 14.5
Armour         | 5 6 7 9 10 11 12 13 14 15 16 17 18 | 18.5
Shields        | 5 6 7 9 10 11 12 13 14 15 | 15.0
Dodging        | 3 5 6 8 9 12 | 12.3
Long Blades    | 1 6 7 |  7.6
Polearms       | 5 8 10 | 10.8
Throwing       | 2 6 8 10 12 13 15 | 15.5
Evocations     | 5 |  5.0
Short Blades   | |  1.7
Stealth        | |  3.6

Action                   |  1- 3 |  4- 6 |  7- 9 | 10-12 | 13-15 | 16-18 | 19-21 | 22-24 | 25-27 || total
-------------------------+-------+-------+-------+-------+-------+-------+-------+-------+-------++-------
Melee: Dagger            |    79 |   173 |       |       |       |       |       |       |       ||   252
       Short sword       |       |   143 |   251 |   540 |       |       |       |       |       ||   934
       Falchion          |       |       |   178 |   109 |       |       |       |       |       ||   287
       Battleaxe         |       |       |       |    35 |       |       |       |       |       ||    35
       Headbutt          |       |       |       |   140 |   495 |   495 |   490 |   621 |   558 ||  2799
       Broad axe         |       |       |       |   209 |   394 |       |       |       |       ||   603
       Hand axe          |       |       |       |       |  1594 |  1890 |   262 |       |       ||  3746
       Morningstar       |       |       |       |       |    35 |     5 |       |       |       ||    40
       Demon trident     |       |       |       |       |       |    18 |  2043 |  2377 |  2092 ||  6530
Throw: Dart              |     4 |     4 |       |     3 |       |       |       |       |       ||    11
       Throwing net      |       |       |       |       |       |       |     5 |     1 |     3 ||     9
       Javelin           |       |       |       |       |       |       |     5 |    17 |    50 ||    72
Invok: Draw Destruction  |       |       |    12 |    17 |    14 |     8 |     2 |     1 |     1 ||    55
       Draw Summoning    |       |       |     3 |    10 |       |     2 |     1 |     1 |     4 ||    21
       Draw Escape       |       |       |     6 |     3 |       |       |       |    10 |     1 ||    20
       Deal Four         |       |       |       |       |     4 |    10 |     8 |    14 |    11 ||    47
 Abil: Evoke Invisibilit |       |       |       |       |       |       |       |       |     5 ||     5
Evoke: Wand              |       |       |     3 |    14 |     7 |     2 |       |     2 |     4 ||    32
  Use: Scroll            |       |       |    24 |    11 |     4 |     2 |    10 |    27 |    18 ||    96
       Potion            |       |       |     2 |     3 |     4 |       |     2 |    18 |    11 ||    40
 Stab: Sleeping          |     3 |       |       |       |       |       |       |       |       ||     3
       Petrified         |       |       |       |     1 |    12 |     9 |       |     1 |       ||    23
       Confused          |       |       |       |     2 |       |       |       |       |       ||     2
       Distracted        |       |       |       |     1 |     1 |     3 |     2 |     5 |     7 ||    19
       Petrifying        |       |       |       |       |     4 |     1 |       |       |       ||     5
       Held in net/web   |       |       |       |       |       |       |       |     2 |     2 ||     4
       Invisible         |       |       |       |       |       |       |       |       |    14 ||    14
  Eat: Ration            |       |     2 |     5 |    10 |    16 |    14 |    13 |    11 |    15 ||    86
Armor: Robe              |     4 |       |       |       |       |       |       |       |       ||     4
       Ring mail         |    12 |       |       |       |       |       |       |       |       ||    12
       Chain mail        |    19 |   188 |   233 |   457 |   583 |   306 |   293 |       |       ||  2079
       Skin              |       |       |    46 |       |       |       |       |       |       ||    46
       Swamp dragon scal |       |       |       |       |       |   122 |       |       |       ||   122
       Plate armour      |       |       |       |       |       |       |   173 |   447 |       ||   620
       Gold dragon scale |       |       |       |       |       |       |       |   349 |   547 ||   896
Dodge: Dodged            |    31 |    84 |   121 |   238 |   107 |   393 |   273 |   395 |   213 ||  1855
Block: Buckler           |       |    10 |    85 |       |       |       |       |       |       ||    95
       Kite shield       |       |       |    38 |   134 |  2443 |  2384 |  2156 |  2570 |  2007 || 11732
       Reflection        |       |       |       |       |       |       |       |       |    68 ||    68
       Rpst.: Falchion   |       |       |    16 |     5 |       |       |       |       |       ||    21

Table legend:
 A = Non-vault XP
 B = Vault XP
 C = Vault XP percentage of total XP
 D = Non-vault monster count
 E = Vault monster count
 F = Vault count percentage of total count
                 A         B        C        D         E       F
            +---------+---------+-------+---------+---------+-------
      Total |  961629 |  805399 |  45.6 |    1650 |    1001 |  37.8
            +---------+---------+-------+---------+---------+-------
        D:1 |      37 |       0 |   0.0 |      17 |       0 |   0.0
        D:2 |     135 |       0 |   0.0 |      15 |       0 |   0.0
        D:3 |     132 |      10 |   7.0 |      30 |       2 |   6.2
        D:4 |     174 |     159 |  47.7 |       6 |       3 |  33.3
        D:5 |     549 |       0 |   0.0 |      23 |       0 |   0.0
        D:6 |     512 |       4 |   0.8 |      13 |       2 |  13.3
        D:7 |     906 |     130 |  12.5 |      17 |       1 |   5.6
        D:8 |    3365 |    2500 |  42.6 |      29 |      11 |  27.5
        D:9 |    3347 |       0 |   0.0 |      27 |       0 |   0.0
       D:10 |    4415 |       0 |   0.0 |      33 |       0 |   0.0
       D:11 |    5882 |      21 |   0.4 |      23 |       4 |  14.8
       D:12 |    2701 |       0 |   0.0 |      14 |       0 |   0.0
       D:13 |   10526 |     433 |   4.0 |      49 |       1 |   2.0
       D:14 |    8254 |    4271 |  34.1 |      40 |      10 |  20.0
       D:15 |   49066 |    7415 |  13.1 |      92 |       9 |   8.9
     Temple |      40 |       0 |   0.0 |       1 |       0 |   0.0
     Lair:1 |    5330 |      13 |   0.2 |      24 |       1 |   4.0
     Lair:2 |    4018 |     958 |  19.3 |      22 |      11 |  33.3
     Lair:3 |    7879 |    3845 |  32.8 |      26 |       8 |  23.5
     Lair:4 |    5995 |     442 |   6.9 |      21 |       3 |  12.5
     Lair:5 |   10143 |    1506 |  12.9 |      38 |       5 |  11.6
     Lair:6 |   10523 |   11527 |  52.3 |      32 |      23 |  41.8
   Shoals:1 |   16279 |    6773 |  29.4 |      33 |      11 |  25.0
   Shoals:2 |   20107 |    1114 |   5.2 |      35 |       1 |   2.8
   Shoals:3 |   13109 |   17990 |  57.8 |      29 |      19 |  39.6
   Shoals:4 |    6283 |   20419 |  76.5 |      15 |      32 |  68.1
    Snake:1 |   20598 |    6123 |  22.9 |      41 |      10 |  19.6
    Snake:2 |   26873 |    2386 |   8.2 |      51 |       6 |  10.5
    Snake:3 |   15233 |   14170 |  48.2 |      36 |      16 |  30.8
    Snake:4 |   19377 |   16633 |  46.2 |      35 |      31 |  47.0
      Orc:1 |    3196 |       0 |   0.0 |      27 |       0 |   0.0
      Orc:2 |     537 |   19652 |  97.3 |       1 |     153 |  99.4
      Elf:1 |   16689 |   13241 |  44.2 |      32 |      26 |  44.8
      Elf:2 |   12971 |   22653 |  63.6 |      21 |      27 |  56.2
      Elf:3 |   17401 |   38812 |  69.0 |      28 |      29 |  50.9
   Vaults:1 |   52006 |   21404 |  29.2 |      84 |      33 |  28.2
   Vaults:2 |    9526 |   30273 |  76.1 |      17 |      27 |  61.4
   Vaults:3 |   30047 |   39509 |  56.8 |      45 |      39 |  46.4
   Vaults:4 |   50022 |   58613 |  54.0 |      70 |      66 |  48.5
   Vaults:5 |   33546 |  103752 |  75.6 |      49 |      64 |  56.6
   Depths:1 |   29143 |    3285 |  10.1 |      39 |       5 |  11.4
   Depths:2 |   43079 |   53772 |  55.5 |      48 |      46 |  48.9
   Depths:3 |    5742 |   73973 |  92.8 |       5 |      75 |  93.8
   Depths:4 |   31154 |    9941 |  24.2 |      40 |       4 |   9.1
   Depths:5 |   18041 |   23275 |  56.3 |      16 |      14 |  46.7
      Zot:1 |   84596 |    4556 |   5.1 |      48 |       2 |   4.0
      Zot:2 |   50715 |       0 |   0.0 |      36 |       0 |   0.0
      Zot:3 |   65515 |       0 |   0.0 |      34 |       0 |   0.0
      Zot:4 |   39575 |   65793 |  62.4 |      26 |      13 |  33.3
      Zot:5 |   39769 |   85549 |  68.3 |      24 |      30 |  55.6
    Abyss:4 |   46947 |    9012 |  16.1 |      74 |      12 |  14.0
    Abyss:5 |    9624 |       0 |   0.0 |      19 |       0 |   0.0
      Sewer |       0 |     326 | 100.0 |       0 |      24 | 100.0
     Bailey |       0 |    3899 | 100.0 |       0 |      68 | 100.0
      IceCv |       0 |    5267 | 100.0 |       0 |      24 | 100.0
            +---------+---------+-------+---------+---------+-------
